 Dungeon Crawl Stone Soup version 0.24-a0-639-gb70a11d811 (webtiles) character file.

Game seed: 15192568855971909054, levelgen mode: deterministic

270 Peloso the Shield-Bearer (level 6, -7/55 HPs)
             Began as a Minotaur Fighter on Sept 22, 2019.
             Mangled by a wight
             ... wielding a +2 battleaxe of electrocution
              (9 damage)
             ... on level 3 of the Dungeon.
             The game lasted 00:04:52 (2069 turns).

Peloso the Shield-Bearer (Minotaur Fighter)         Turns: 2069, Time: 00:04:52

Health: -7/55      AC:  9    Str: 21    XL:     6   Next: 1%
Magic:  5/5        EV:  8    Int:  5    God:
Gold:   126        SH: 10    Dex: 11    Spells: 5/5 levels left

rFire    . . .     SeeInvis .   a - +0 long sword
rCold    . . .     Gourm    .   c - +0 shield
rNeg     . . .     Faith    .   b - +0 scale mail
rPois    .         Spirit   .   (helmet restricted)
rElec    .         Reflect  .   (no cloak)
rCorr    .         Harm     .   (no gloves)
MR       .....                  e - +1 pair of boots
Stlth    ..........             (no amulet)
HPRegen  0.18/turn              (no ring)
MPRegen  0.09/turn              (no ring)

@: lightly drained
A: retaliatory headbutt, horns 2
a: no special abilities


You were on level 3 of the Dungeon.
You were not hungry.

You visited 1 branch of the dungeon, and saw 3 of its levels.

You collected 126 gold pieces.

Inventory:

Hand Weapons
 a - a +0 long sword (weapon)
Missiles
 h - 64 bolts
Armour
 b - a +0 scale mail (worn)
 c - a +0 shield (worn)
 e - a +1 pair of boots (worn)
Scrolls
 i - 2 scrolls of teleportation
 j - a scroll of blinking
 k - a scroll of remove curse
 o - a scroll of enchant armour
Potions
 d - a potion of might
 l - a potion of curing {unknown}
 m - a potion of ambrosia {unknown}
 n - a potion of berserk rage
Comestibles
 f - 4 rations
 g - 4 chunks of flesh


   Skills:
 + Level 4.9(4.6) Fighting
 + Level 4.0(3.7) Long Blades
 + Level 5.1(4.7) Armour
 + Level 1.3(1.1) Dodging
 + Level 0.2(0.0) Stealth
 + Level 5.1(4.8) Shields


You had 5 spell levels left.
You didn't know any spells.
Your spell library was empty.

Dungeon Overview and Level Annotations

Branches:
Dungeon (3/15)

Altars:


Innate Abilities, Weirdness & Mutations

You reflexively headbutt those who attack you in melee.
You have a pair of horns on your head.


Message History

The goblin wields a +0 hunting sling.
The goblin shoots a stone.
The stone barely misses you.
A wight comes into view. It is wielding a +4 mace.
A wight comes into view. It is wielding a +0 short sword.
You closely miss the orc. You headbutt the orc.
You kill the orc!
The wight hits you with a +2 battleaxe of electrocution!
You are electrocuted!
* * * LOW HITPOINT WARNING * * *
A rat comes into view.
Items here: ( )) [ † a +0 flail; a stone; a +0 battleaxe; a +0 robe; an orc corpse You hit the wight but do no damage.
The wight hits you with a +2 battleaxe of electrocution!
* * * LOW HITPOINT WARNING * * *
You feel drained.
* * * LOW HITPOINT WARNING * * *
You barely miss the wight. The wight hits you but does no damage.
You are electrocuted!
You die...

##########
.........#####.#
.#≈#.......@zzg#
..#......#####rz...
..........## ...
........#..## .
........##..##
.............#
≈≈≈≈≈≈§......#
§####≈§......#
##§.....##


You could see 3 wights, a goblin and a rat.

Vanquished Creatures
  A centaur (D:2)
  A wight (D:3)
  6 adders
  An ooze (D:2)
  2 worms (D:2)
  3 leopard geckos (D:2)
  2 orcs (D:3)
  5 giant cockroaches
  6 goblins
  11 hobgoblins
  8 jackals
  10 kobolds
  A quokka (D:2)
  10 bats
  5 frilled lizards
  8 rats
80 creatures vanquished.

Notes
Turn   | Place    | Note
-------+----------+-------------------------------------------
     0 | D:1      | Peloso the Minotaur Fighter began the quest for the Orb.
     0 | D:1      | Reached XP level 1. HP: 19/19 MP: 0/0
   289 | D:1      | Reached XP level 2. HP: 27/27 MP: 1/1
   662 | D:1      | Reached XP level 3. HP: 30/34 MP: 2/2
  1452 | D:2      | Reached XP level 4. HP: 37/41 MP: 3/3
  1503 | D:2      | Noticed a centaur
  1506 | D:2      | Killed a centaur
  1506 | D:2      | Reached skill level 1 in Dodging
  1506 | D:2      | Reached XP level 5. HP: 42/47 MP: 4/4
  1739 | D:2      | Reached skill level 5 in Armour
  1935 | D:3      | Found a faded altar of an unknown god.
  1979 | D:3      | Reached skill level 5 in Shields
  2058 | D:3      | Reached XP level 6. HP: 34/55 MP: 5/5
  2068 | D:3      | HP: 2/55 [wight/+2 battleaxe of electrocution (3)]
  2069 | D:3      | Mangled by a wight

Levels and vault maps discovered:
D:1:      giann_wishing_wells, layout_basic, kennysheep_small_spiral
D:2:      layout_rooms, first_ration, minmay_domino_4
D:3:      layout_loops_cross, chequers_ecumenical_altar_grove, st_stairs_14,
          serial_bayou_pond_d, kennysheep_decorative_pillar

Skill      XL: |  1  2  3  4  5 |
---------------+----------------+-----
Fighting       | 4 |  4.9
Shields        | 4 5 |  5.1
Armour         | 4 5 |  5.1
Long Blades    | 3 4 |  4.0
Dodging        | 1 |  1.3
Stealth        | |  0.2

Action                   |  1- 3 |  4- 6 || total
-------------------------+-------+-------++-------
Melee: Long sword        |   126 |    76 ||   202
       Headbutt          |    12 |    14 ||    26
  Use: Scroll            |     5 |     2 ||     7
       Potion            |     1 |       ||     1
  Eat: Chunk             |     1 |     3 ||     4
Armor: Scale mail        |   100 |    34 ||   134
Dodge: Dodged            |    60 |    26 ||    86
Block: Shield            |    88 |    59 ||   147
       Rpst.: Long sword |    15 |     8 ||    23

Table legend:
 A = Non-vault XP
 B = Vault XP
 C = Vault XP percentage of total XP
 D = Non-vault monster count
 E = Vault monster count
 F = Vault count percentage of total count
                 A         B        C        D         E       F
            +---------+---------+-------+---------+---------+-------
      Total |     379 |       7 |   1.8 |      77 |       3 |   3.8
            +---------+---------+-------+---------+---------+-------
        D:1 |      65 |       0 |   0.0 |      33 |       0 |   0.0
        D:2 |     229 |       5 |   2.1 |      29 |       2 |   6.5
        D:3 |      85 |       2 |   2.3 |      15 |       1 |   6.2
            +---------+---------+-------+---------+---------+-------
